cohdb
Replays
Latest Replays
All Replays
Popular Replays
Top Player Replays
Match Explorer
How It Works
Community
CoH3 Stats
Reddit
Sign in to upload your games and track your stats! →
Sign in with Steam
Match 42237881
Unlisted
Match 42237881
Overview
Messages
Build Orders
End
Pioneer Squad
Construct Infanterie Kompanie
Grenadier Squad
MG 42 Machine Gun Team
Grenadier Squad
Construct Luftwaffe Kompanie
Medical Bunker
221 Scout Car
Flak 30 Anti-aircraft Gun Team
Infanterie Officer Quarters
Jäger Squad
Selects Breakthrough Battlegroup
Selects Assault Grenadiers
Selects Breakthrough
Support Elements
Wirbelwind Flakpanzer
MG 42 Bunker
Luftwaffe Officer Quarters
Jäger Squad
Pioneer Squad
Selects Mechanized Assault Group
Selects Rapid Production
Mechanized Assault Group
Construct Panzer Kompanie
Selects Blitzkrieg
Stoßtruppen Squad
Sturmpanzer IV Brummbär
Breakthrough
Selects Tiger Heavy Tank
Selects Tiger Heavy Tank
Tiger Heavy Tank
Kettenkrad Recon Vehicle
Breakthrough
CLUBs37
ValiantHawk
incel_incinerat0r
[TOD7] Gandalfalex
0
0
Comments
sign in to comment!
No comments posted yet!